Map: [ESL] Dragon Scales

Players

Clem - Winner!

  • Race: Terran Terran
  • Spawn Location: 5:00

Has

  • Race: Protoss Protoss
  • Spawn Location: 11:00

Event: ESL SC2 Masters 2023 Summer (Finals)

VOD

Have the link to the VOD?

Description

Time

  • Played on: June 16, 2023, 11:49 a.m.
  • Length: 5:27

All games in this series

Show
View Real Time Build Order
Export as new Build Order

Clem Terran - Winner!

Build Orders: Reaper Expand 

Get SALT Encoding   

  12  0:00  SCV  
  13  0:12  SCV  
  14  0:16  Supply Depot  
  14  0:24  SCV  
  15  0:38  SCV  
  15  0:39  Barracks  
  16  0:44  Refinery  
  16  0:50  SCV  
  17  1:02  SCV  
  18  1:14  SCV  
  19  1:26  Orbital Command  
  19  1:27  Reaper  
  20  1:39  Command Center  
  20  1:50  Supply Depot  
  20  1:52  SCV  
  21  1:59  Marine  
  22  2:04  SCV  
  23  2:09  Factory  
  23  2:16  Bunker, SCV  
  23  2:22  Barracks Reactor  
  24  2:25  Refinery  
  24  2:29  SCV  
  25  2:41  SCV  
  26  2:52  Hellion  
  26  2:53  Orbital Command  
  26  2:55  Starport  
  26  2:57  SCV  
  29  2:59  Marine  
  29  3:00  Marine  
  31  3:09  SCV  
  32  3:14  Factory Tech Lab  
  32  3:15  Supply Depot  
  32  3:17  Marine  
  32  3:18  Marine  
  32  3:19  SCV  
  35  3:21  SCV  
  36  3:31  SCV  
  36  3:33  SCV  
  38  3:35  Barracks  
  38  3:37  Marine x2  
  38  3:39  Factory Tech Lab  
  40  3:42  Raven  
  40  3:44  SCV  
  40  3:47  SCV  
  44  3:52  Supply Depot  
  44  3:56  SCV  
  44  3:57  Marine, Siege Tank  
  44  3:59  Marine  
  51  4:02  SCV  
  51  4:09  SCV  
  52  4:12  Supply Depot  
  52  4:15  SCV  
  52  4:16  Barracks  
  53  4:19  Marine  
  53  4:20  Marine  
  53  4:21  SCV  
  56  4:27  SCV  
  57  4:32  Viking  
  57  4:33  Marine  
  57  4:37  Marine x2  
  58  4:43  Siege Tank  
  61  4:50  Marine, Supply Depot  
  62  4:55  Marine x2  
  64  5:02  SCV  
  64  5:05  Supply Depot  
  64  5:06  Marine  
  67  5:08  Marine  
Show
View Real Time Build Order
Export as new Build Order

Has Protoss 

Build Orders: 1 Gate Expand 

Get SALT Encoding   

  12  0:00  Probe  
  13  0:12  Probe  
  14  0:19  Pylon  
  14  0:24  Probe  
  15  0:38  Gateway  
  15  0:39  Probe (Chrono Boost)  
  16  0:44  Assimilator  
  16  0:48  Probe (Chrono Boost)  
  17  0:53  Probe (Chrono Boost)  
  18  1:05  Probe  
  19  1:17  Probe  
  20  1:25  Cybernetics Core  
  21  1:35  Nexus  
  21  1:38  Probe  
  21  1:44  Pylon  
  21  1:52  Assimilator  
  21  1:58  Stalker (Chrono Boost)  
  21  2:02  Warp Gate  
  21  2:04  Probe  
  24  2:16  Probe  
  24  2:21  Twilight Council  
  25  2:29  Probe  
  26  2:42  Robotics Facility  
  27  2:45  Probe (Chrono Boost)  
  27  2:47  Probe (Chrono Boost)  
  28  2:57  Probe (Chrono Boost), Charge (Chrono Boost)  
  30  2:58  Probe (Chrono Boost)  
  30  3:00  Pylon  
  30  3:05  Gateway  
  30  3:14  Probe  
  30  3:18  Gateway  
  31  3:25  Gateway  
  31  3:29  Gateway  
  31  3:35  Warp Prism (Chrono Boost)  
  33  3:45  Gateway  
  33  3:49  Probe  
  33  3:51  Zealot  
  36  3:59  Zealot  
  38  4:06  Pylon  
  40  4:18  Gateway  
  38  4:28  Zealot x5  
  42  4:46  Zealot  
  42  4:48  Zealot x5  
  42  4:52  Pylon  
  54  5:07  Zealot  
  54  5:08  Zealot x3  
  54  5:12  Zealot x3  
Tags
 
Add a new tag
Caveats
  • Supply blocks, unpowered buildings, or Contaminate may cause inaccurate times.
  • Supply counts are checked every 10 seconds.